 Dungeon Crawl Stone Soup version 0.30-a0-782-ge64f9170bb (webtiles) character file.

Game seed: 3951525987566836407

187 dohliylev the Covered (level 5, -4/47 HPs)
             Began as a Minotaur Fighter on Feb 18, 2023.
             Slain by Duvessa
             ... wielding a +0 short sword
              (9 damage)
             ... on level 4 of the Dungeon.
             The game lasted 00:03:55 (1974 turns).

dohliylev the Covered (Minotaur Fighter)            Turns: 1974, Time: 00:03:55

Health: -4/47      AC:  8    Str: 22    XL:     5   Next: 39%
Magic:  4/4        EV:  9    Int: 11    God:
Gold:   180        SH:  4    Dex: 10    Spells: 4/4 levels left

rFire   . . .      SeeInvis .    a - +0 war axe
rCold   . . .      Faith    .    c - +0 buckler
rNeg    . . .      Spirit   .    b - +0 scale mail
rPois   .          Reflect  .    (helmet restricted)
rElec   .          Harm     .    (no cloak)
rCorr   .          Rampage  .    f - +0 pair of gloves
Will    .....                    (no boots) Stlth
                                 (no amulet)
HPRegen 0.27/turn                k - +6 ring of intelligence
MPRegen 0.09/turn                (no ring)

@: no status effects
A: horns 2, retaliatory headbutt
a: no special abilities


You were on level 4 of the Dungeon.
You visited 1 branch of the dungeon, and saw 4 of its levels.

You collected 180 gold pieces.

Inventory:

Hand Weapons
 a - a +0 war axe (weapon)
Armour
 b - a +0 scale mail (worn)
 c - a +0 buckler (worn)
 f - a +0 pair of gloves (worn)
 m - the +3 robe of Midwinter {+Inv rElec rF++ Archmagi}
   (You found it on level 2 of the Dungeon)

   rF:        It greatly protects you from fire.
   rElec:     It insulates you from electricity.
   +Inv:      It lets you turn invisible.
   Archmagi:  It increases the power of your magical spells.
Jewellery
 k - a +6 ring of intelligence (left hand)
Scrolls
 e - 2 scrolls of noise {unknown}
 g - 2 scrolls of enchant weapon {unknown}
 h - a scroll of vulnerability {unknown}
 i - a scroll of immolation {unknown}
 n - a scroll of enchant armour {unknown}
 o - a scroll of amnesia {unknown}
 q - 3 scrolls of identify {unknown}
 s - a scroll of acquirement {unknown}
 t - a scroll of teleportation {unknown}
Potions
 d - 2 potions of might
 j - 2 potions of invisibility {unknown}
 l - 3 potions of attraction {unknown}
 p - 2 potions of haste {unknown}
 r - 2 potions of curing {unknown}
 u - a potion of mutation {unknown}


   Skills:
 + Level 4.4 Fighting
 + Level 4.7 Axes
 + Level 5.0 Armour
 + Level 0.4 Dodging
 + Level 4.2 Shields


You had 4 spell levels left.
You didn't know any spells.
Your spell library contained the following spells:

 Spells                   Type           Power      Damage    Failure   Level
 Freeze                   Ice            0%         1d3       75%         1
 Frozen Ramparts          Ice            0%         1d1       98%         3
 Hailstorm                Conj/Ice       0%         3d3       98%         3


Dungeon Overview and Level Annotations

Branches:
Dungeon (4/15)
 Temple: D:4-7

Altars:
Elyvilon
Uskayaw

Annotations:
D:4 Dowan, Duvessa


Innate Abilities, Weirdness & Mutations

You have a pair of horns on your head.
You reflexively headbutt those who attack you in melee.


Message History

You closely miss Dowan. Your headbutt misses Dowan.
Dowan hits you but does no damage.
You completely miss Dowan. Your headbutt misses Dowan.
You hit Duvessa but do no damage. Duvessa closely misses you.
Dowan points at you and mumbles some strange words.
The puff of flame misses you.
You barely miss Dowan. You hit the hound. You hit Duvessa but do no damage.
The hound bites you. Duvessa hits you with a +0 short sword.
Dowan hits you but does no damage. You block the hound's attack.
Duvessa hits you with a +0 short sword. Dowan hits you with a +0 dagger.
You closely miss Dowan. You hit the hound but do no damage. You hit Duvessa.
The hound bites you but does no damage. Duvessa hits you with a +0 short sword!
Dowan hits you with a +0 dagger. The hound bites you.
You slash Dowan!
Dowan is heavily wounded.
You slash the hound! You hit Duvessa but do no damage.
The hound closely misses you. You furiously retaliate!
You headbutt the hound! Duvessa hits you with a +0 short sword.
Dowan hits you but does no damage. You block the hound's attack.
You hit Dowan.
Dowan is heavily wounded.
You hit the hound.
You kill the hound!
You slash Duvessa! Duvessa hits you but does no damage.
Dowan hits you but does no damage. Duvessa hits you with a +0 short sword.
Dowan hits you but does no damage. The iguana bites you.
* * * LOW HITPOINT WARNING * * *
Your Armour skill increases to level 5!
You miss Dowan. Your headbutt misses Dowan.
Dowan is heavily wounded.
You hit the iguana. You hit Duvessa but do no damage.
Duvessa hits you with a +0 short sword!
* * * LOW HITPOINT WARNING * * *
The iguana bites you.
* * * LOW HITPOINT WARNING * * *
Dowan hits you but does no damage.
You miss Dowan. You headbutt Dowan.
Dowan is severely wounded.
You slash the iguana! You hit Duvessa. Duvessa hits you with a +0 short sword!
You die...

...##.....# .. #
...#.....#... #..
#......... ...##.......
####.........# . ..
.....##.....#### ##..
... #...###.......#.....
...###...##......l......
#...##.........@e......
##...#...........e......
...#....#...............
...............[........
............##.#........
........................
.....##.................
....####........#....$..
........<...##.##


You could see Duvessa, Dowan and an iguana.

Vanquished Creatures
  A scorpion (D:3)
  A hound (D:4)
  4 adders
  A dart slug (D:2)
  An orc (D:3)
  3 ball pythons
  4 bats
  5 endoplasms
  3 giant cockroaches
  5 hobgoblins
  5 kobolds
  6 quokkas
  A frilled lizard (D:1)
  9 goblins
  3 rats
52 creatures vanquished.

Notes
Turn   | Place    | Note
-------+----------+-------------------------------------------
     0 | D:1      | dohliylev the Minotaur Fighter began the quest for the Orb.
     0 | D:1      | Reached XP level 1. HP: 19/19 MP: 0/0
    89 | D:1      | Reached XP level 2. HP: 23/27 MP: 1/1
   134 | D:1      | Reached skill level 4 in Armour
   262 | D:1      | Found a faded altar of an unknown god.
   494 | D:2      | Reached XP level 3. HP: 33/33 MP: 2/2
   563 | D:2      | Identified the +3 robe of Midwinter {+Inv rElec rF++
                  | Archmagi}
   782 | D:2      | Found a hide-covered altar of Uskayaw.
  1389 | D:3      | Found a white marble altar of Elyvilon.
  1620 | D:3      | Reached XP level 4. HP: 40/40 MP: 3/3
  1829 | D:3      | Noticed a scorpion
  1837 | D:3      | Killed a scorpion
  1838 | D:3      | Reached XP level 5. HP: 47/47 MP: 4/4
  1963 | D:4      | Noticed Dowan
  1964 | D:4      | Noticed Duvessa
  1973 | D:4      | Reached skill level 5 in Armour
  1974 | D:4      | Slain by Duvessa

Illustrated notes

Levels and vault maps discovered:
D:1:      lightli_arrival_lavapool, layout_rooms,
          dreamdust_ecumenical_altar_sealed_demon
D:2:      layout_loops_corners, basic_altar, minmay_pentomino_x2
D:3:      layout_rooms, elyvilon_altar_5, chequers_arboretum, nicolae_half_adder
D:4:      layout_cave_pools, minmay_temple_entry_purple_smoke, serial_shops,
          nicolae_shop_statue_plus, kennysheep_decorative_pillar, uniq_duvessa

Skill      XL: |  1  2  3  4  5 |
---------------+----------------+-----
Armour         | 4 5 |  5.0
Shields        | 4 |  4.2
Fighting       | 4 |  4.4
Axes           | 3 4 |  4.7
Dodging        | |  0.4

Action                     |  1- 3 |  4- 6 || total
---------------------------+-------+-------++-------
  Melee: War axe           |   106 |    23 ||   129
         Headbutt          |     5 |     2 ||     7
 Armour: Scale mail        |    54 |    16 ||    70
  Dodge: Dodged            |    53 |    11 ||    64
  Block: Buckler           |    12 |     8 ||    20

Table legend: (Time is in decaauts)
 A = Elapsed time spent in this place.
 B = Non-inter-level travel time spent in this place.
 C = Inter-level travel time spent in this place.
 D = Time resting spent in this place.
 E = Time spent auto-exploring this place.
 F = Levels seen in this place.
 G = Mean time per level.
                   A        B        C        D        E       F      G
               +--------+--------+--------+--------+--------+-----+--------+
         Total |   2022 |   1980 |     42 |      0 |   1484 |   4 |  505.5 |
       Dungeon |   2022 |   1980 |     42 |      0 |   1484 |   4 |  505.5 |
               +--------+--------+--------+--------+--------+-----+--------+

Top non-repeatable levels by time:
     D:2: 915 daAuts
     D:3: 635 daAuts
     D:1: 444 daAuts
     D:4: 26 daAuts
